 Dungeon Crawl Stone Soup version 0.21.1-1-g345015f (webtiles) character file.

668 lysyklops the Chopper (level 7, -4/61 HPs)
             Began as a Purple Draconian Berserker on July 13, 2018.
             Was a Priest of Trog.
             Killed by divine providence
             ... invoked by an orc priest
              (12 damage)
             ... on level 4 of the Dungeon.
             The game lasted 00:08:40 (3262 turns).

lysyklops the Chopper (Purple Draconian Berserker)  Turns: 3262, Time: 00:08:41

Health: -4/61      AC:  6    Str: 21    XL:     7   Next: 32%
Magic:  7/7        EV: 14    Int:  8    God:    Trog [***...]
Gold:   191        SH:  0    Dex: 10    Spells: 6/6 levels left

rFire    . . .     SeeInvis .   a - +0 hand axe
rCold    . . .     Gourm    .   (no shield)
rNeg     . . .     Faith    .   (armour unavailable)
rPois    .         Spirit   .   (helmet restricted)
rElec    .         Reflect  .   (no cloak)
rCorr    .         Harm     .   (no gloves)
MR       +....                  (no boots)
Stlth    +.........             (no amulet)
HPRegen  0.20/turn              (no ring)
MPRegen  0.10/turn              (no ring)

@: berserk cooldown, slowed, very slow
A: breathe power, unfitting armour, cold-blooded, AC +6
a: Breathe Dispelling Energy, Berserk, Trog's Hand, Burn Spellbooks, Renounce
Religion


You were on level 4 of the Dungeon.
You worshipped Trog.
Trog was most pleased with you.
You were hungry.

You visited 1 branch of the dungeon, and saw 4 of its levels.

You collected 191 gold pieces.

Inventory:

Hand Weapons
 a - a +0 hand axe (weapon)
 y - a +1 scythe of freezing
Armour
 l - a +0 pair of gloves
Jewellery
 i - an uncursed ring of stealth {unknown}
 q - a +1 ring of evasion {unknown}
 v - a +4 ring of strength {unknown}
 x - an uncursed ring of flight {unknown}
Wands
 z - a wand of acid (5)
Scrolls
 c - a scroll of enchant armour {unknown}
 d - a scroll of magic mapping {unknown}
 e - 6 scrolls of identify {unknown}
 j - 2 scrolls of fear {unknown}
 n - a scroll of enchant weapon {unknown}
 p - 2 scrolls of amnesia {unknown}
 u - a scroll of teleportation {unknown}
Potions
 f - 4 potions of brilliance {unknown}
 g - 3 potions of lignification {unknown}
 h - 2 potions of curing {unknown}
 k - a potion of mutation {unknown}
 m - a potion of cancellation {unknown}
 o - a potion of resistance {unknown}
 r - a potion of ambrosia {unknown}
 s - 2 potions of berserk rage {unknown}
 t - 2 potions of might {unknown}
 w - a potion of magic {unknown}
Comestibles
 b - 4 rations


   Skills:
 + Level 5.0 Fighting
 + Level 6.2 Axes
 + Level 5.1 Dodging


You had 6 spell levels left.
You didn't know any spells.

Dungeon Overview and Level Annotations

Branches:
Dungeon (4/15)
 Temple: D:4-7

Altars:
Ashenzari


Innate Abilities, Weirdness & Mutations

You can breathe bolts of dispelling energy.
Your rich purple scales are hard. (AC +6)
You cannot fit into any form of body armour.
You are cold-blooded and may be slowed by cold attacks.


Message History

You hit the orc priest but do no damage.
The orc priest closely misses you. The orc priest misses you.
You hit the orc priest.
The orc priest is lightly wounded.
The orc priest barely misses you.
You hit the orc priest.
The orc priest is lightly wounded.
The orc priest hits you.
* * * LOW HITPOINT WARNING * * *
The orc priest invokes the aid of Beogh against you.
Beogh smites you!
* * * LOW HITPOINT WARNING * * *
The orc priest looks encouraged for a moment.
The orc priest begins to cast a cantrip, but forgets the words!
The orc priest calls down the wrath of Beogh upon you.
You resist with significant effort.
The orc priest miscasts a cantrip.
The orc priest invokes the aid of Beogh against you.
Beogh smites you!
You die...

..##.#...†[..).......
#.##.#.##############
#.##.#.# #.##.#.# #
##.##.#.#####
#.####........{..#
#...[......#.###o#
........####.# #.#
#####...####.# #@#
#........# #.#
##..####.# #.#
#......†###.#
#.####...##.#
#...........#
######...#### #..##
#..# ###


You could see an orc priest.

Vanquished Creatures
  Grinder (D:4)
  Sigmund (D:4)
  A black bear (D:4)
  A centaur (D:2)
  2 worker ants (D:4)
  An adder (D:2)
  An adder skeleton (D:3)
  2 worms
  4 dart slugs
  A leopard gecko (D:2)
  5 orcs
  6 giant cockroaches
  7 goblins
  9 hobgoblins
  11 jackals
  10 kobolds
  2 quokkas
  A ball python (D:2)
  3 bats
  2 frilled lizards
  5 rats
76 creatures vanquished.

Vanquished Creatures (others)
  A jackal (D:4)
1 creature vanquished.

Grand Total: 77 creatures vanquished

Notes
Turn   | Place    | Note
-------+----------+-------------------------------------------
     0 | D:1      | lysyklops the Draconian Berserker began the quest for the Orb.
     0 | D:1      | Reached XP level 1. HP: 19/19 MP: 1/1
   186 | D:1      | Reached XP level 2. HP: 21/26 MP: 2/2
   923 | D:2      | Reached XP level 3. HP: 15/31 MP: 3/3
  1024 | D:2      | Reached ** piety under Trog
  1324 | D:2      | Noticed a centaur
  1331 | D:2      | Killed a centaur
  1331 | D:2      | Reached skill level 4 in Axes
  1331 | D:2      | Reached XP level 4. HP: 40/40 MP: 4/4
  1575 | D:2      | Reached XP level 5. HP: 46/46 MP: 5/5
  1812 | D:3      | Found a shattered altar of Ashenzari.
  2636 | D:4      | Noticed a black bear
  2652 | D:4      | Killed a black bear
  2840 | D:4      | Noticed Grinder
  2866 | D:4      | Killed Grinder
  2866 | D:4      | Reached skill level 5 in Axes
  2866 | D:4      | Reached XP level 6. HP: 4/53 MP: 6/6
  3211 | D:4      | Noticed Sigmund
  3225 | D:4      | Reached *** piety under Trog
  3229 | D:4      | Killed Sigmund
  3229 | D:4      | Reached skill level 5 in Fighting
  3229 | D:4      | Reached skill level 6 in Axes
  3229 | D:4      | Reached skill level 5 in Dodging
  3229 | D:4      | Your scales start taking on a rich purple colour.
  3229 | D:4      | Reached XP level 7. HP: 17/61 MP: 7/7
  3262 | D:4      | Killed from afar by an orc priest

Skill      XL: |  1  2  3  4  5  6 |
---------------+-------------------+-----
Dodging        | 3 4 5 |  5.1
Fighting       | 4 5 |  5.0
Axes           | 4 5 6 |  6.2

Action                   |  1- 3 |  4- 6 |  7- 9 || total
-------------------------+-------+-------+-------++-------
Melee: Hand axe          |   129 |   160 |     6 ||   295
       Tailslap          |     9 |    14 |       ||    23
Invok: Berserk           |     1 |     3 |       ||     4
  Eat: Chunk             |     2 |     5 |       ||     7
       Ration            |       |     1 |       ||     1
Armor: Skin              |    35 |    47 |       ||    82
Dodge: Dodged            |   100 |   137 |     6 ||   243
